 Dungeon Crawl Stone Soup version 0.28.0-43-g3370ac3207 (webtiles) character file.

Game seed: 9698517381617653038

611 pkoi the Ruffian (level 7, -1/66 HPs)
             Began as a Troll Monk on Mar 24, 2022.
             Slain by an orc
             ... wielding a +0 trident
              (3 damage)
             ... on level 5 of the Dungeon.
             The game lasted 00:03:46 (3272 turns).

pkoi the Ruffian (Troll Monk)                       Turns: 3272, Time: 00:03:47

Health: -1/66      AC:  7    Str: 22    XL:     7   Next: 20%
Magic:  6/6        EV: 10    Int:  6    God:
Gold:   180        SH:  0    Dex: 12    Spells: 5/6 levels left

rFire   . . .      SeeInvis .     - Unarmed
rCold   . . .      Faith    .   (no shield)
rNeg    . . .      Spirit   .   a - +0 robe
rPois   .          Reflect  .   (helmet restricted)
rElec   .          Harm     .   q - +0 cloak
rCorr   .          Rampage  .   (gloves unavailable)
Will    .....                   (boots unavailable)
Stlth   ++........              (no amulet)
HPRegen 1.81/turn               (no ring)
MPRegen 0.10/turn               (no ring)

@: no status effects
A: large, unfitting armour, claws 3, regeneration 2, shaggy fur 1, tough skin 1,
horns 1, iridescent scales 1
a: no special abilities


You were on level 5 of the Dungeon.
You visited 1 branch of the dungeon, and saw 5 of its levels.

You collected 180 gold pieces.

Inventory:

Hand Weapons
 r - a +3 dagger
 v - a +0 flail
Missiles
 c - 4 silver javelins (quivered)
Armour
 a - a +0 robe (worn)
 q - a +0 cloak (worn)
Jewellery
 l - a +6 ring of strength
 x - a +4 ring of evasion
Wands
 u - a wand of charming (12)
Scrolls
 b - 5 scrolls of identify {unknown}
 d - 2 scrolls of fog {unknown}
 e - a scroll of magic mapping {unknown}
 i - 2 scrolls of vulnerability {unknown}
 j - a scroll of amnesia {unknown}
 n - a scroll of silence {unknown}
 p - a scroll of immolation {unknown}
 t - a scroll of enchant weapon {unknown}
Potions
 g - a potion of lignification {unknown}
 h - 2 potions of haste {unknown}
 k - a potion of invisibility {unknown}
 m - a potion of degeneration {unknown}
 o - a potion of might {unknown}
 s - a potion of ambrosia {unknown}
 w - a potion of curing {unknown}


   Skills:
 - Level 2.4 Fighting
 - Level 3.0 Throwing
 - Level 2.4 Dodging
 - Level 1.0 Stealth
 * Level 7.6 Unarmed Combat


You had 5 spell levels left.
You knew the following spells:

 Your Spells              Type           Power      Damage    Failure   Level
a - Apportation           Tloc           0%         N/A       45%         1

Your spell library contained the following spells:

 Spells                   Type           Power      Damage    Failure   Level
 Tukima's Dance           Hex            0%         N/A       83%         3
 Anguish                  Hex/Necr       0%         N/A       99%         4
 Alistair's Intoxication  Tmut/Pois      0%         N/A       100%        5
 Enfeeble                 Hex            0%         N/A       100%        7


Dungeon Overview and Level Annotations

Branches:
Dungeon (5/15)
 Temple: D:4-7

Altars:
Ashenzari
Cheibriados
Nemelex Xobeh


Innate Abilities, Weirdness & Mutations

You are too large for most types of armour.
You have claws for hands.
You heal very quickly.
You are covered in fur. (AC +1)
You have tough skin. (AC +1)
You have a pair of small horns on your head.
You are partially covered in iridescent scales. (AC +2)


Message History

You claw the centaur!
You kill the centaur!
The orc closely misses you. The orc barely misses you.
You have reached level 7!
You barely miss the orc. The orc hits you but does no damage.
Unknown command.
You completely miss the orc wizard.
Unknown command.
You claw the orc wizard!
You kill the orc wizard!
The orc hits you from afar with a +0 trident.
* * * LOW HITPOINT WARNING * * *
The wyvern skeleton bites you!
* * * LOW HITPOINT WARNING * * *
Unknown command.
You barely miss the wyvern skeleton. The orc barely misses you.
The wyvern skeleton bites you.
* * * LOW HITPOINT WARNING * * *
The orc hits you with a +0 hand axe.
* * * LOW HITPOINT WARNING * * *
Unknown command.
You claw the orc!
You kill the orc!
The orc hits you from afar with a +0 trident.
* * * LOW HITPOINT WARNING * * *
The wyvern skeleton closely misses you.
Unknown command.
You claw the wyvern skeleton!
The wyvern skeleton is lightly damaged.
The wyvern skeleton barely misses you.
The orc hits you from afar with a +0 trident.
* * * LOW HITPOINT WARNING * * *
Unknown command.
It was a potion of mutation.
You feel extremely strange.
You begin to heal more quickly.
A pair of horns grows on your head!
Iridescent scales grow over part of your body.
The wyvern skeleton bites you!
* * * LOW HITPOINT WARNING * * *
The orc hits you from afar with a +0 trident.
You die...

#.....###### #.....#.....
#.....#..... ##
############.....#....#
..######+#................#....#
..........................####'#
.............o..................
..............Z)................
#........#####@................
#........# #.................
#.....o..# #......####'####'#
#........# #......#.....+...#
#...o##### #......#.....#...#
#..o. #......#....###### #..o
#......#....###..# #<..
#......+.......... #.o
#......#..........


You could see an orc and a wyvern skeleton.

Vanquished Creatures
  A water moccasin (D:5)
  A centaur (D:5)
  2 scorpions
  A vampire bat (D:3)
  A bullfrog zombie (D:5)
  2 hounds
  An orc wizard (D:5)
  4 adders
  A shadow imp (D:5)
  2 worms (D:2)
  6 dart slugs
  10 orcs
  9 bats (D:3)
  4 endoplasms
  4 giant cockroaches
  4 goblins
  4 hobgoblins
  4 jackals (D:3)
  2 quokkas
  13 ball pythons
  2 frilled lizards (D:2)
  4 kobolds
  7 rats
89 creatures vanquished.

Notes
Turn   | Place    | Note
-------+----------+-------------------------------------------
     0 | D:1      | pkoi the Troll Monk began the quest for the Orb.
     0 | D:1      | Reached XP level 1. HP: 22/22 MP: 0/0
    49 | D:1      | Found a faded altar of an unknown god.
   123 | D:1      | Reached XP level 2. HP: 29/29 MP: 1/1
   849 | D:2      | Reached skill level 4 in Unarmed Combat
   908 | D:2      | Reached skill level 1 in Throwing
   908 | D:2      | Reached XP level 3. HP: 29/36 MP: 2/2
   912 | D:2      | Identified the +5 scale mail "Eschaxt" {rPois}
  1205 | D:2      | Reached XP level 4. HP: 30/44 MP: 3/3
  1372 | D:3      | Learned a level 1 spell: Apportation
  1428 | D:3      | Found a sparkling altar of Nemelex Xobeh.
  1492 | D:3      | Reached skill level 5 in Unarmed Combat
  1627 | D:3      | Found a faded altar of an unknown god.
  1630 | D:3      | Found a snail-covered altar of Cheibriados.
  1722 | D:3      | Reached XP level 5. HP: 50/50 MP: 4/4
  2412 | D:4      | Reached XP level 6. HP: 48/59 MP: 5/5
  2665 | D:5      | Entered Level 5 of the Dungeon
  2669 | D:5      | Found a broken altar of Ashenzari.
  2707 | D:5      | Noticed a water moccasin
  2721 | D:5      | Killed a water moccasin
  2722 | D:5      | Reached skill level 6 in Unarmed Combat
  2926 | D:5      | Reached skill level 7 in Unarmed Combat
  3266 | D:5      | Reached XP level 7. HP: 30/66 MP: 6/6
  3272 | D:5      | Gained mutation: You heal very quickly. [potion of
                  | mutation]
  3272 | D:5      | Gained mutation: You have a pair of small horns on your
                  | head. [potion of mutation]
  3272 | D:5      | Gained mutation: You are partially covered in iridescent
                  | scales. (AC +2) [potion of mutation]
  3272 | D:5      | HP: 2/66 [wyvern skeleton (10)]
  3272 | D:5      | Slain by an orc

Illustrated notes

Levels and vault maps discovered:
D:1:      dpeg_arrival_simpleton_b, layout_basic,
          chequers_ecumenical_altar_island, bh_walls_and_bars
D:2:      layout_basic
D:3:      layout_basic, nicolae_overflow_ecumenical_swirl,
          nemelex_dance_club_becter, roderic_batcave
D:4:      layout_rooms, serial_corexii_hall, corexii_hall_statues_i,
          corexii_hall_statues_u, corexii_hall_statues_l,
          chequers_hall_statues_y
D:5:      layout_gridville, mainiacjoe_overflow_alcove_1,
          mainiacjoe_overflow_boulevard, uniq_menkaure

Skill      XL: |  1  2  3  4  5  6 |
---------------+-------------------+-----
Unarmed Combat | 4 5 7 |  7.6
Throwing       | 1 2 3 |  3.0
Fighting       | |  2.4
Dodging        | |  2.4
Stealth        | |  1.0

Action                   |  1- 3 |  4- 6 |  7- 9 || total
-------------------------+-------+-------+-------++-------
Melee: Unarmed           |    64 |   155 |     6 ||   225
       Punch             |       |     1 |       ||     1
  Use: Potion            |       |       |     1 ||     1
 Stab: Sleeping          |     4 |     2 |       ||     6
Armor: Robe              |    17 |    78 |     1 ||    96
Dodge: Dodged            |    18 |   102 |     3 ||   123
